AoeStats
← AlmaFuerte1228

Arabia

507796744Analyzed
1v1 RM · 13d ago on Sep 19, 2026· 67m 28s· 2 players
Game mode
Random Map
Map size
Tiny (2 player)
Population
200
Speed
Normal
Resources
Standard
Victory
Conquest
Starting age
Dark Age
Ending age
Imperial Age
RankedLock teamsTeams togetherTeam positionsShared explorationLock speedFull tech treeHidden civsTurbo modeCheats
Victory
Defeat
🇦🇷 Magyars · Argentina
1130
+16
🇩🇪 Vietnamese · Germany
1122
-16
D.EvilsToy
5:53 Loom
9:43 Feudal Age
10:22 Double-Bit Axe
12:23 Wheelbarrow
17:06 Fletching
25:40 Castle Age
24:05 Gold Mining
24:24 Scale Mail Armor
24:29 Horse Collar
24:58 Padded Archer Armor
25:46 Crossbowman
26:25 Bodkin Arrow
27:36 Leather Archer Armor
27:28 Squires
28:11 Pikeman
30:11 Ballistics
37:50 Scale Barding Armor
37:59 Husbandry
38:30 Bloodlines
43:57 Imperial Age
43:34 Chatras
44:13 Bow Saw
44:40 Chain Barding Armor
51:37 Elite Skirmisher
51:44 Light Cavalry
56:16 Hoardings
58:53 Elite Skirmisher
59:55 Town Watch
61:32 Paper Money
62:57 Chemistry
64:33 Two-Man Saw
65:11 Thumb Ring
AlmaFuerte1228
6:09 Loom
9:12 Feudal Age
9:43 Double-Bit Axe
11:54 Horse Collar
19:19 Bloodlines
19:18 Scale Barding Armor
23:40 Castle Age
22:37 Fletching
24:35 Bodkin Arrow
24:43 Padded Archer Armor
24:41 Bodkin Arrow
26:23 Elite Skirmisher
27:52 Bow Saw
28:46 Leather Archer Armor
30:55 Thumb Ring
33:34 Ballistics
32:41 Pikeman
36:05 Wheelbarrow
35:51 Stone Mining
35:52 Gold Mining
42:56 Imperial Age
41:47 Chain Barding Armor
42:13 Scale Mail Armor
43:23 Corvinian Army
43:52 Heavy Plow
45:24 Chemistry
46:15 Two-Man Saw
46:34 Halberdier
52:40 Conscription
53:03 Bracer
53:34 Ring Archer Armor
62:00 Chain Mail Armor
62:16 Ring Archer Armor
62:27 Elite Magyar Huszar
65:06 Crop Rotation
66:04 Chain Barding Armor
Connection lost

Rejoining the realm…

Still unreachable

The connection could not be restored.

Session expired

The server has moved on; the page needs a fresh start.